 Dungeon Crawl Stone Soup version 0.14.0-18-g0341e45 (webtiles) character file.

5114 MDvedh the Basher (level 10, -1/53 HPs)
             Began as a Gargoyle Gladiator on Apr 20, 2014.
             Was a Priest of Okawaru.
             Shot with a sling bullet by Joseph (12 damage)
             ... on Level 1 of the Lair of Beasts.
             The game lasted 00:21:47 (9705 turns).

MDvedh the Basher (Gargoyle Gladiator)              Turns: 9705, Time: 00:21:47

HP  -1/53        AC 25     Str 22      XL: 10   Next: 44%
MP   9/19        EV  8     Int  9      God: Okawaru [***...]
Gold 432         SH  0     Dex 10      Spells:  0 memorised,  9 levels left

rFire  + . .     SeeInvis .     h - +4,+5 whip (elec)
rCold  . . .     Clarity  .     I - +1 chain mail {rF+}
rNeg   + . .     Conserve .     (no shield)
rPois  +         rCorr    .     C - -1 helmet
rElec  +         rRot     +     (no cloak)
SustAb . .       Spirit   .     x - +1 pair of gloves
rMut   .         Warding  .     o - +0 pair of boots
Saprov . . .     Stasis   +     G - amulet of stasis {unknown}
MR     .....                    j - ring of magical power
                                y - +0,+5 ring of slaying

@: heroism, not resistant to hostile enchantments, extremely unstealthy
A: life protection 1, electricity resistance, unbreathing, petrification
resistance, AC +7
a: Heroism, Renounce Religion


You were on level 1 of the Lair of Beasts.
You worshipped Okawaru.
Okawaru was most pleased with you.
You were not hungry.

You visited 3 branches of the dungeon, and saw 12 of its levels.

You collected 481 gold pieces.
You spent 49 gold pieces at shops.

Inventory:

Hand weapons
 a - a +0,-2 flail
 h - a +4,+5 whip of electrocution (weapon)
Missiles
 d - 3 throwing nets (quivered)
Armour
 o - a +0 pair of boots (worn)
 x - a +1 pair of gloves (worn)
 C - a -1 helmet (worn)
 I - a +1 chain mail of fire resistance (worn)
Magical devices
 c - a wand of magic darts (13)
 r - a wand of fireball (2) {unknown}
Comestibles
 f - 13 bread rations
 K - a pear
Scrolls
 i - a scroll of blinking
 l - a scroll of identify
 n - 5 scrolls of remove curse
 q - 2 scrolls of recharging
 w - 2 scrolls of teleportation
 B - a scroll of magic mapping
 D - a scroll of vulnerability
 M - a scroll of enchant weapon I
Jewellery
 j - a ring of magical power (right hand)
 y - a +0,+5 ring of slaying (left hand)
 G - an amulet of stasis (around neck) {unknown}
Potions
 e - a potion of invisibility
 g - a potion of haste {unknown}
 k - 2 potions of heal wounds
 m - 3 potions of curing
 p - 2 potions of brilliance {unknown}
 t - 4 potions of restore abilities
 v - 2 potions of magic {unknown}
 z - 3 potions of agility
 A - 3 potions of might
Books
 u - a Young Poisoner's Handbook

   Spells                             Type                      Level
   Sting                              Conjuration/Poison           1
   Cure Poison                        Poison                       2
   Mephitic Cloud                     Conjuration/Poison/Air       3
   Olgreb's Toxic Radiance            Poison                       4
   Venom Bolt                         Conjuration/Poison           5
 E - the Guide on Scorching Combat Magic
   (You found it on level 7 of the Dungeon)

   Spells                             Type                      Level
   Throw Frost                        Conjuration/Ice              2
   Mephitic Cloud                     Conjuration/Poison/Air       3
   Conjure Flame                      Conjuration/Fire             3
   Ignite Poison                      Fire/Transmutation           5
   Orb of Destruction                 Conjuration                  7
 F - a book of Ice

   Spells                             Type                      Level
   Freezing Aura                      Charms/Ice                   2
   Metabolic Englaciation             Hexes/Ice                    5
   Ozocubu's Refrigeration            Ice                          6
   Bolt of Cold                       Conjuration/Ice              6
   Freezing Cloud                     Conjuration/Ice/Air          6
   Simulacrum                         Ice/Necromancy               6


   Skills:
 - Level 2.1(7.1) Fighting
 - Level 13.7(18.7) Maces & Flails
 - Level 2.4(7.4) Throwing
 + Level 8.4(13.4) Armour
 - Level 2.4(7.4) Dodging


You had 9 spell levels left.
You didn't know any spells.

Dungeon Overview and Level Annotations

Branches:
Dungeon (10/15)            Temple (1/1) D:5            Lair (1/8) D:9
    Orc: D:9-12

Altars:
Ashenzari
Cheibriados
Dithmenos
Elyvilon
Fedhas
Kikubaaqudgha
Makhleb
Nemelex Xobeh
Okawaru
Sif Muna
Trog
Vehumet
Xom
Yredelemnul
Zin
The Shining One

Shops:
D:7 *

Annotations:
D:3 MDvedh's ghost, average GrWn
D:9 exclusion: oklob plant
Lair:1 Joseph


Innate Abilities, Weirdness & Mutations

You are resistant to torment.
You are immune to poison.
You are immune to rotting.
Your stone body is very resilient (AC +7).
You resist negative energy.
You are resistant to electric shocks.
You can survive without breathing.
You are immune to petrification.


Message History

Unknown command.
You whack the four-headed hydra!
There is a sudden explosion of sparks!
The four-headed hydra is almost dead.
The four-headed hydra bites you but does no damage.
The four-headed hydra bites you!
The four-headed hydra bites you but does no damage. x2
The komodo dragon bites you!
* * * LOW HITPOINT WARNING * * *
Joseph comes into view.
He is wielding a quarterstaff.
Joseph shouts!
Joseph unwields an uncursed quarterstaff.
Joseph wields a sling.
Joseph shoots a sling bullet.
The sling bullet hits you!
You see here a robe.
Unknown command.
Unknown command.
Unknown command.
Unknown command.
Joseph says, "I'm happy to see you. And I'll be happy to kill you."
Joseph shoots a sling bullet.
The sling bullet hits you!
You die...

.................##......#.
#...#....#####..####....##
....#....#####..........##.
............l...............
#.#.##+##.######f.##+#.....#
..##.....## #........#....#
..##....## #....<...#..#.
#####....# ###.##l#.#$....
###### #...@D##.# ...
#.....# # #.....# #?....#
#...... #....... ........
....@.... ....


You could see a four-headed hydra, Joseph and a komodo dragon.

Vanquished Creatures
  A black mamba (Lair:1)
  A feature mimic (D:9)
  A komodo dragon (Lair:1)
  A troll (D:7)
  A spriggan (D:7)
  A hungry ghost (D:8)
  Edmund (D:9)
  3 orc warriors
  2 ice beasts
  2 sky beasts
  2 phantoms
  5 ogres
  A centaur (D:8)
  A big kobold (D:7)
  A crocodile (Lair:1)
  4 giant frogs
  6 killer bees (D:7)
  A scorpion (D:4)
  2 crimson imps
  3 jellies
  A quasit (D:7)
  2 goliath beetles
  2 big fish (D:9)
  2 orc priests
  A giant frog skeleton (D:7)
  3 hounds
  8 orc wizards
  3 iguanas
  3 worker ants
  Ijyb (D:4)
  An ogre zombie (D:7)
  A mummy (D:10)
  8 adders
  A big fish zombie (D:2)
  A green rat (D:3)
  An orc skeleton (D:6)
  4 worms
  An inept item mimic (D:5)
  3 adder skeletons
  An adder zombie (D:7)
  2 giant eyeballs
  8 giant geckos
  An ooze (D:3)
  29 orcs
  15 bats
  A bat zombie (D:7)
  4 giant cockroaches
  13 goblins
  14 hobgoblins
  18 kobolds
  2 ball pythons
  A giant mite zombie (D:5)
  3 giant newts
  A giant newt skeleton (D:4)
  3 quokkas
  15 rats
  2 rat zombies (D:2)
220 creatures vanquished.

Vanquished Creatures (others)
  A plant (D:9)
1 creature vanquished.

Grand Total: 221 creatures vanquished

Notes
Turn   | Place    | Note
--------------------------------------------------------------
     0 | D:1      | MDvedh, the Gargoyle Gladiator, began the quest for the Orb.
     0 | D:1      | Reached XP level 1. HP: 12/12 MP: 1/1
     4 | D:1      | Noticed an iron imp
     4 | D:1      | Noticed Fietaepi the pandemonium lord
     7 | D:1      | Noticed a red devil
     9 | D:1      | Noticed a reaper
    66 | D:1      | Noticed an Executioner
    68 | D:1      | Noticed a sun demon
   256 | D:1      | Reached XP level 2. HP: 17/17 MP: 2/2
   470 | D:1      | Reached skill level 4 in Maces & Flails
   714 | D:2      | Reached XP level 3. HP: 13/21 MP: 3/3
   725 | D:2      | HP: 1/21 [worm (7)]
  1483 | D:2      | Reached XP level 4. HP: 26/26 MP: 4/4
  1500 | D:2      | Reached skill level 5 in Maces & Flails
  1705 | D:2      | Found an ancient bone altar of Kikubaaqudgha.
  2327 | D:3      | Noticed MDvedh's ghost (average GrWn)
  2850 | D:3      | Reached XP level 5. HP: 28/30 MP: 5/5
  2911 | D:3      | Noticed an ice beast
  2915 | D:3      | Killed an ice beast
  2915 | D:3      | Reached skill level 6 in Maces & Flails
  3073 | D:4      | Reached XP level 6. HP: 35/35 MP: 6/6
  3087 | D:4      | Found a bloodstained altar of Trog.
  3211 | D:4      | Noticed Ijyb
  3217 | D:4      | Killed Ijyb
  3217 | D:4      | Reached skill level 7 in Maces & Flails
  3287 | D:4      | Noticed an ogre
  3294 | D:4      | Killed an ogre
  3629 | D:4      | Found a glowing golden altar of the Shining One.
  3629 | D:4      | Found a blossoming altar of Fedhas.
  3636 | D:5      | Entered Level 5 of the Dungeon
  3642 | D:5      | Reached skill level 8 in Maces & Flails
  3703 | D:5      | Found a glowing golden altar of the Shining One.
  3720 | D:5      | Reached XP level 7. HP: 36/40 MP: 7/7
  3723 | D:5      | Found a sparkling altar of Nemelex Xobeh.
  3955 | D:5      | Found a staircase to the Ecumenical Temple.
  4007 | Temple   | Entered the Ecumenical Temple
  4029 | Temple   | Became a worshipper of Warmaster Okawaru
  4079 | D:5      | Reached skill level 9 in Maces & Flails
  4593 | D:5      | Found a glowing silver altar of Zin.
  4711 | D:6      | Acquired Okawaru's first power
  5156 | D:5      | Reached XP level 8. HP: 37/44 MP: 8/8
  5213 | D:6      | Reached skill level 10 in Maces & Flails
  5854 | D:6      | Found a snail-covered altar of Cheibriados.
  5863 | D:6      | Found a white marble altar of Elyvilon.
  5917 | D:6      | Reached skill level 11 in Maces & Flails
  5922 | D:6      | Found a burning altar of Makhleb.
  6188 | D:7      | Noticed a troll
  6195 | D:7      | Killed a troll
  6648 | D:7      | Reached skill level 12 in Maces & Flails
  6651 | D:7      | Reached XP level 9. HP: 38/48 MP: 6/9
  6738 | D:7      | Paralysed by a giant eyeball for 2 turns
  6864 | D:7      | Identified the Guide on Scorching Combat Magic (You found it on level 7 of the Dungeon)
  6921 | D:7      | Found Fiteehea's General Store.
  7020 | D:7      | Bought a scroll of enchant weapon I for 49 gold pieces
  7073 | D:7      | Reached skill level 13 in Maces & Flails
  7703 | D:8      | Reached skill level 1 in Armour
  8237 | D:9      | Noticed Edmund
  8245 | D:9      | Killed Edmund
  8292 | D:9      | Reached skill level 5 in Armour
  8292 | D:9      | Reached XP level 10. HP: 36/53 MP: 10/10
  8372 | D:9      | Found a staircase to the Lair.
  8594 | D:9      | Found a blossoming altar of Fedhas.
  8706 | D:9      | Noticed an oklob plant
  8865 | D:9      | Found a shattered altar of Ashenzari.
  9017 | D:10     | Entered Level 10 of the Dungeon
  9334 | Lair:1   | Entered Level 1 of the Lair of Beasts
  9490 | Lair:1   | Noticed a black mamba
  9491 | Lair:1   | Noticed a four-headed hydra
  9522 | Lair:1   | Killed a black mamba
  9704 | Lair:1   | Noticed Joseph
  9705 | Lair:1   | Shot with a sling bullet by Joseph

Action                   |  1- 3 |  4- 6 |  7- 9 | 10-12 || total
-------------------------+-------+-------+-------+-------++-------
Melee: Flail             |    28 |       |    10 |       ||    38
       Whip              |    56 |   176 |   386 |   102 ||   720
Invok: Heroism           |       |       |     2 |     2 ||     4
Evoke: Wand              |       |     1 |     2 |       ||     3
  Use: Scroll            |       |    11 |     3 |     7 ||    21
       Potion            |       |       |       |     1 ||     1
